 Dungeon Crawl Stone Soup version 0.31-a0-981-geadf994542 (webtiles) character file.

Game seed: 9224935767267325019

21 sokol815 the Poker (level 2, 0/21 HPs)
             Began as an Octopode Fighter on Nov 1, 2023.
             Slain by a rat (2 damage)
             ... on level 1 of the Dungeon.
             The game lasted 00:01:00 (231 turns).

sokol815 the Poker (Octopode Fighter)                Turns: 231, Time: 00:01:00

Health: 0/21       AC:  1    Str: 15    XL:     2   Next: 87%
Magic:  2/2        EV: 13    Int: 10    God:
Gold:   27         SH:  4    Dex: 11    Spells: 1/1 levels left

rFire   . . .        a - +0 trident
rCold   . . .        b - +0 buckler
rNeg    . . .        (helmet restricted)
rPois   .            (no amulet)
rElec   .            (no ring)
rCorr   .            (no ring)
SInv    .            (no ring)
Will    .....        (no ring)
Stlth   ++           (no ring)
HPRegen 0.23/turn    (no ring)
MPRegen 0.08/turn    (no ring)
                     (no ring)

%: no passive effects
@: no status effects
A: almost no armour, amphibious, 8 rings, camouflage 1, gelatinous body 1,
(nimble swimmer 1), tentacles
a: no special abilities


You were on level 1 of the Dungeon.
You visited 1 branch of the dungeon, and saw 1 of its levels.

You collected 27 gold pieces.

Inventory:

Hand Weapons
 a - a +0 trident (weapon)
Missiles
 s - 4 stones
Armour
 b - a +0 buckler (worn)
Jewellery
 c - an amulet of reflection
   (You found it on level 1 of the Dungeon)
 C - a ring of protection from cold {rC+, !d}
   (You found it on level 1 of the Dungeon)
Scrolls
 d - a scroll of revelation {unknown}
Potions
 M - a potion of might


   Skills:
 - Level 3.0 Fighting
 + Level 3.3 Polearms
 - Level 3.0 Dodging
 - Level 3.0 Shields


You had one spell level left.
You didn't know any spells.
Your spell library was empty.

Dungeon Overview and Level Annotations

Branches:
Dungeon (1/15) Zot: 5760

Altars:


Innate Abilities, Weirdness & Mutations

You cannot wear most types of armour.
You are amphibious.
You can wear up to eight rings at the same time.
Your skin changes colour to match your surroundings (Stealth+).
Your rubbery body absorbs attacks. (AC +1, EV +1)
((You are camouflaged when in or above water. (Stealth+)))
You have tentacles for arms and can constrict up to eight enemies at once.


Message History

The jackal bites you.
You take 2 damage, and have 11/21 hp.
You barely miss the jackal. Your grab misses the jackal.
Your squeeze misses the jackal. You block the jackal's attack.
You puncture the jackal!
You kill the jackal!
The ball python barely misses you. The ball python grabs you.
The ball python constricts you. The goblin hits you but does no damage.
You escape the ball python's grasp.
The ball python attacks as it pursues you!
The ball python bites you. The ball python misses you.
The goblin attacks as it pursues you! The goblin barely misses you.
You take 1 damage, and have 10/21 hp.
The ball python attacks as it pursues you!
The ball python bites you. The ball python closely misses you.
You take 1 damage, and have 9/21 hp.
The ball python attacks as it pursues you!
The ball python closely misses you. The ball python barely misses you.
The ball python attacks as it pursues you!
The ball python closely misses you. The ball python grabs you.
The ball python constricts you.
You escape the ball python's grasp.
The ball python attacks as it pursues you!
The ball python misses you. You block the ball python's attack.
The ball python attacks as it pursues you!
The ball python bites you. The ball python grabs you.
The ball python constricts you.
You take 3 damage, and have 7/21 hp.
You escape the ball python's grasp.
The ball python attacks as it pursues you!
The ball python bites you.
* * * LOW HITPOINT WARNING * * *
The ball python closely misses you.
You take 2 damage, and have 5/21 hp.
The ball python attacks as it pursues you!
The ball python barely misses you. x2
The ball python attacks as it pursues you!
The ball python bites you but does no damage.
You block the ball python's attack.
The ball python attacks as it pursues you!
The ball python bites you.
* * * LOW HITPOINT WARNING * * *
You block the ball python's attack.
You take 1 damage, and have 5/21 hp.
You block the ball python's attack. The ball python grabs you.
The ball python constricts you.
* * * LOW HITPOINT WARNING * * *
You take 1 damage, and have 4/21 hp.
You escape the ball python's grasp.
Reach: a) +0 trident
Press: ? - help, Dir - move target, f - ball python
Aim: a ball python (about 48% to evade your +0 trident)
You reach to attack!
You puncture the ball python!
You kill the ball python!
Reach: a) +0 trident
Press: ? - help, Dir - move target, f - endoplasm
Aim: an endoplasm (about 15% to evade your +0 trident)
You reach to attack!
You hit the endoplasm.
Reach: a) +0 trident
Press: ? - help, Dir - move target, f/p - endoplasm
Aim: an endoplasm (severely wounded, about 15% to evade your +0 trident)
You puncture the endoplasm!
You kill the endoplasm!
Reach: a) +0 trident
Press: ? - help, Dir - move target, f - goblin
Aim: a goblin, wielding a +0 club and quivering stones (about 53% to evade your +0 trident)
You closely miss the goblin. Your grab misses the goblin.
The rat twitches its whiskers.
You block the goblin's attack.
Reach: a) +0 trident
Press: ? - help, Dir - move target, f/p - goblin
Aim: a goblin, wielding a +0 club and quivering stones (about 53% to evade your +0 trident)
You closely miss the goblin. Your grab misses the goblin.
Your squeeze misses the goblin. The goblin hits you with a +0 club.
* * * LOW HITPOINT WARNING * * *
You take 4 damage, and have 2/21 hp.
Reach: a) +0 trident
Press: ? - help, Dir - move target, f/p - goblin
Aim: a goblin, wielding a +0 club and quivering stones (about 53% to evade your +0 trident)
You barely miss the goblin. You grab the goblin. You constrict the goblin.
The goblin closely misses you. The goblin barely misses you.
Reach: a) +0 trident
Press: ? - help, Dir - move target, f/p - goblin
Aim: a goblin, wielding a +0 club and quivering stones (severely wounded, constricted by you, about 15% to evade your +0 trident)
You puncture the goblin!
You kill the goblin!
The jackal bites you.
* * * LOW HITPOINT WARNING * * *
You take 1 damage, and have 1/21 hp.
Reach: a) +0 trident
Press: ? - help, Dir - move target, f - jackal
Aim: a jackal (about 53% to evade your +0 trident)
You puncture the jackal!
You kill the jackal!
The rat attacks as it pursues you! The rat bites you.
You die...

.........(# #.# ##.###≈≈≈≈
..........# ..# #######..##≈≈≈≈≈
..........###.# ##.......##≈≈≈≈##
...>......##.. #..########≈≈≈≈#.
...........#.####.## ####~≈≈≈#.
..................# #...≈≈≈≈#.
.......J.#..K####.#### #...~~≈≈##
.....h...#...g)r.....# #....~≈≈~~
##.####.....####@###.###.....~~..
#.##....#######.###.......#.##..
#.......####........^####.#..#..
##..##.#.#....##.......[##.##....
...###.#.#.### ########.##.##....
.#.##........# #.##....#..
h.......#....# ......##..
..!.....#....# ###.#.##.#
...###..#....# #.......


You could see a hobgoblin, a kobold and a rat.

Vanquished Creatures
  4 endoplasms (D:1)
  2 goblins (D:1)
  6 jackals (D:1)
  A quokka (D:1)
  3 ball pythons (D:1)
  A rat (D:1)
17 creatures vanquished.

Notes
Turn   | Place    | Note
-------+----------+-------------------------------------------
     0 | D:1      | sokol815 the Octopode Fighter began the quest for the Orb.
     0 | D:1      | Reached XP level 1. HP: 16/16 MP: 1/1
    74 | D:1      | Found a faded altar of an unknown god.
   170 | D:1      | Reached XP level 2. HP: 21/21 MP: 2/2
   206 | D:1      | Reached skill level 3 in Polearms
   217 | D:1      | HP: 5/21 [ball python (2)]
   227 | D:1      | HP: 2/21 [goblin/+0 club (4)]
   231 | D:1      | Slain by a rat

Illustrated notes

Levels and vault maps discovered:
D:1:      roadster_arrival_rocket_small, layout_rooms,
          nicolae_ecumenical_lake_church

Skill      XL: |  1  2 |
---------------+-------+-----
Polearms       | 3 |  3.3
Fighting       | |  3.0
Dodging        | |  3.0
Shields        | |  3.0

Action                     || total
---------------------------++-------
  Melee: Trident           ||    36
         Constrict         ||     9
         Tentacles         ||     4
 Armour: Skin              ||    18
  Dodge: Dodged            ||    30
  Block: Buckler           ||    18

Table legend: (Time is in decaauts)
 A = Elapsed time spent in this place.
 B = Non-inter-level travel time spent in this place.
 C = Inter-level travel time spent in this place.
 D = Time resting spent in this place.
 E = Time spent auto-exploring this place.
 F = Levels seen in this place.
 G = Mean time per level.
                   A        B        C        D        E       F      G
               +--------+--------+--------+--------+--------+-----+--------+
         Total |    238 |    238 |      0 |      0 |    129 |   1 |  238.0 |
       Dungeon |    238 |    238 |      0 |      0 |    129 |   1 |  238.0 |
               +--------+--------+--------+--------+--------+-----+--------+

Top non-repeatable levels by time:
     D:1: 238 daAuts

Levels and vault maps discovered:
D:1:      roadster_arrival_rocket_small, layout_rooms,
          nicolae_ecumenical_lake_church

Table legend: (Time is in decaauts)
 A = Elapsed time spent in this place.
 B = Non-inter-level travel time spent in this place.
 C = Inter-level travel time spent in this place.
 D = Time resting spent in this place.
 E = Time spent auto-exploring this place.
 F = Levels seen in this place.
 G = Mean time per level.
                   A        B        C        D        E       F      G
               +--------+--------+--------+--------+--------+-----+--------+
         Total |    238 |    238 |      0 |      0 |    129 |   1 |  238.0 |
       Dungeon |    238 |    238 |      0 |      0 |    129 |   1 |  238.0 |
               +--------+--------+--------+--------+--------+-----+--------+

Top non-repeatable levels by time:
     D:1: 238 daAuts

Table legend:
 A = Kills in this place as a percentage of kills in the entire game.
 B = Kills by you in this place as a percentage of kills by you in the entire game.
 C = Kills by friends in this place as a percentage of kills by friends in the entire game.
 D = Other kills in this place as a percentage of other kills in the entire game.
 E = Experience gained in this place as a percentage of experience gained in the entire game.
 F = Experience gained in this place divided by the number of levels of this place that you have seen.
                   A       B       C       D       E      F
               +-------+-------+-------+-------+-------+----------------------
         Total | 100.0 | 100.0 |   N/A |   N/A | 100.0 |  31.0
       Dungeon | 100.0 | 100.0 |   N/A |   N/A | 100.0 |  31.0
               +-------+-------+-------+-------+-------+----------------------
